 Dungeon Crawl Stone Soup version 0.26-a0-812-g31a745ddcd (webtiles) character file.

Game seed: 11090153522841115717

86 felt the Ruffian (level 4, 0/45 HPs)
             Began as a Troll Monk on Nov 13, 2020.
             Slain by Grinder (9 damage)
             ... while paralysed by Grinder
             ... on level 3 of the Dungeon.
             The game lasted 00:04:30 (1543 turns).

felt the Ruffian (Troll Monk)                       Turns: 1543, Time: 00:04:31

Health: 0/45       AC:  6    Str: 19    XL:     4   Next: 26%
Magic:  3/3        EV:  1    Int:  6    God:
Gold:   75         SH:  0    Dex: 13    Spells: 3/3 levels left

rFire    . . .     SeeInvis .     - Unarmed
rCold    . . .     Faith    .   (no shield)
rNeg     . . .     Spirit   .   B - +0 robe
rPois    .         Reflect  .   (helmet restricted)
rElec    .         Harm     .   (no cloak)
rCorr    .         Rampage  .   (gloves unavailable)
MR       .....                  (boots unavailable)
Stlth    ++........             E - amulet of the acrobat
HPRegen  0.55/turn              (no ring)
MPRegen  0.08/turn              (no ring)

@: paralysed
A: large, unfitting armour, claws 3, regeneration 1, shaggy fur 1, tough skin 3
a: no special abilities


You were on level 3 of the Dungeon.
You visited 1 branch of the dungeon, and saw 3 of its levels.

You collected 75 gold pieces.

Inventory:

Missiles
 q - 6 poisoned darts (quivered)
Armour
 B - a +0 robe (worn)
Jewellery
 E - an amulet of the acrobat (around neck)
Scrolls
 c - a scroll of enchant armour {unknown}
 e - 2 scrolls of amnesia {unknown}
 g - 3 scrolls of teleportation {unknown}
 h - a scroll of remove curse {unknown}
 i - 3 scrolls of identify
Potions
 a - a potion of curing {unknown}
 b - a potion of brilliance {unknown}
 d - 2 potions of heal wounds {unknown}
 f - a potion of resistance {unknown}


   Skills:
 + Level 3.1 Fighting
 - Level 2.4 Dodging
 - Level 1.0 Stealth
 * Level 4.5 Unarmed Combat


You had 3 spell levels left.
You didn't know any spells.
Your spell library was empty.

Dungeon Overview and Level Annotations

Branches:
Dungeon (3/15)

Altars:

Annotations:
D:3 Grinder


Innate Abilities, Weirdness & Mutations

You are too large for most types of armour.
You have claws for hands.
Your natural rate of healing is unusually fast.
You are covered in fur. (AC +1)
You have extremely tough skin. (AC +3)


Message History

i - 3 scrolls of identify (gained 1)
g - 3 scrolls labelled UPHYRO PEMN (gained 1)
A bat comes into view.
Grinder comes into view.
The bat completely misses you.
You scratch the bat.
The bat is moderately wounded.
The bat hits you but does no damage. x2
You barely miss Grinder. The bat barely misses you. Grinder gestures at you.
You suddenly lose the ability to move!
The bat hits you but does no damage. Grinder hits you!
You writhe in agony.
The bat hits you but does no damage. Grinder hits you!
You writhe in agony.
The bat hits you but does no damage. Grinder hits you!
You writhe in agony.
* * * LOW HITPOINT WARNING * * *
The bat completely misses you. Grinder gestures at you.
You barely resist. Grinder hits you!
You die...

######.#.......#.#
#........#####+#.#
#........# #....##
#........####.....
#..........##...##..
#.......##.##......
.###.......#......#
...........#....5.#
#.....###.##...b@.#
......# #.##......#
......# #.##......#
......# #.###.#####
......# #.# #.#
.###### #.# .. .
#.#.## #.#.


You could see Grinder and a bat.

Vanquished Creatures
  Natasha (D:2)
  An adder (D:2)
  2 worms (D:2)
  3 dart slugs
  5 leopard geckos
  2 bats (D:1)
  A giant cockroach (D:1)
  4 goblins
  4 hobgoblins
  6 kobolds
  3 frilled lizards
  5 rats
37 creatures vanquished.

Notes
Turn   | Place    | Note
-------+----------+-------------------------------------------
     0 | D:1      | felt the Troll Monk began the quest for the Orb.
     0 | D:1      | Reached XP level 1. HP: 22/22 MP: 0/0
   183 | D:1      | Reached XP level 2. HP: 29/29 MP: 1/1
   733 | D:2      | Reached XP level 3. HP: 36/36 MP: 2/2
   993 | D:2      | Reached skill level 4 in Unarmed Combat
  1186 | D:2      | Noticed Natasha
  1190 | D:2      | Killed Natasha
  1190 | D:2      | Reached XP level 4. HP: 41/45 MP: 3/3
  1534 | D:3      | Noticed Grinder
  1538 | D:3      | Paralysed by Grinder for 6 turns
  1543 | D:3      | Slain by Grinder

Illustrated notes

Levels and vault maps discovered:
D:1:      dpeg_arrival_connections, layout_basic
D:2:      layout_loops_corners, minmay_misc_feat_columns,
          minmay_split_cup_small, uniq_natasha
D:3:      layout_basic, vehumet_crystals, fedhas_altar_fruit_tree, uniq_grinder

Skill      XL: |  1  2  3 |
---------------+----------+-----
Unarmed Combat | 4 |  4.5
Fighting       | 3 |  3.1
Dodging        | |  2.4
Stealth        | |  1.0

Action                   |  1- 3 |  4- 6 || total
-------------------------+-------+-------++-------
Melee: Unarmed           |    83 |    19 ||   102
       Punch             |     3 |     1 ||     4
  Use: Scroll            |     2 |       ||     2
 Stab: Sleeping          |     2 |       ||     2
Armor: Robe              |    19 |     6 ||    25
Dodge: Dodged            |    30 |     8 ||    38

Table legend: (Time is in decaauts)
 A = Elapsed time spent in this place.
 B = Non-inter-level travel time spent in this place.
 C = Inter-level travel time spent in this place.
 D = Time resting spent in this place.
 E = Time spent auto-exploring this place.
 F = Levels seen in this place.
 G = Mean time per level.
                   A        B        C        D        E       F      G
               +--------+--------+--------+--------+--------+-----+--------+
         Total |   1535 |   1482 |     53 |      4 |   1164 |   3 |  511.7 |
       Dungeon |   1535 |   1482 |     53 |      4 |   1164 |   3 |  511.7 |
               +--------+--------+--------+--------+--------+-----+--------+

Top non-repeatable levels by time:
     D:2: 838 daAuts
     D:1: 647 daAuts
     D:3: 49 daAuts
